 Dungeon Crawl Stone Soup version 0.28-a0-1396-gdcb3f3653b (webtiles) character file.

Game seed: 6646317135718216041

75642 Peloso the Fencer (level 15, -1/139 HPs)
             Began as a Minotaur Fighter on Jan 5, 2022.
             Was the Champion of Okawaru.
             Killed from afar by Azrael (5 damage)
             ... with a fireball
             ... on level 13 of the Dungeon.
             The game lasted 01:02:32 (28502 turns).

Peloso the Fencer (Minotaur Fighter)               Turns: 28502, Time: 01:02:33

Health: -1/139     AC: 28    Str: 35    XL:     15   Next: 10%
Magic:  15/15      EV: 11    Int:  5    God:    Okawaru [******]
Gold:   1577       SH: 13    Dex: 12    Spells: 14/14 levels left

rFire   + . .      SeeInvis .   a - +3 long sword (elec)
rCold   x . .      Faith    .   c - +0 kite shield
rNeg    . . .      Spirit   .   F - +6 plate armour of Conscience {rElec rC- Will+}
rPois   +          Reflect  .   (helmet restricted)
rElec   +          Harm     .   Y - scarf {repulsion}
rCorr   +          Rampage  .   O - +2 pair of gloves "Hewat" {rPois Will++ rCorr Str+3}
Will    ++++.                   n - +0 pair of boots
Stlth   ..........              (no amulet)
HPRegen 0.33/turn               e - ring of protection from fire
MPRegen 0.14/turn               L - +6 ring of strength

@: repel missiles
A: horns 2, retaliatory headbutt
a: Renounce Religion, Heroism, Finesse, Duel


You were on level 13 of the Dungeon.
You worshipped Okawaru.
Okawaru was exalted by your worship.
You visited 4 branches of the dungeon, and saw 22 of its levels.
You also visited: Ossuary and Ice Cave.

You collected 2451 gold pieces.
You spent 874 gold pieces at shops.

Inventory:

Hand Weapons
 a - a +3 long sword of electrocution (weapon)
 b - a +0 dagger of flaming
Armour
 c - a +0 kite shield (worn)
 n - a +0 pair of boots (worn)
 t - the +1 ice dragon scales of Indomitability {rF- rC++ SInv}
   (You found it in an ice cave)

   rF:        It makes you vulnerable to fire.
   rC:        It greatly protects you from cold.
   SInv:      It lets you see invisible.
 F - the +6 plate armour of Conscience (worn) {rElec rC- Will+}
   (You bought it in a shop on level 4 of the Dungeon)

   rC:        It makes you vulnerable to cold.
   rElec:     It insulates you from electricity.
   Will:      It increases your willpower.
 O - the +2 pair of gloves "Hewat" (worn) {rPois Will++ rCorr Str+3}
   (You bought it in a shop on level 2 of the Orcish Mines)

   Str:       It affects your strength (+3).
   rPois:     It protects you from poison.
   rCorr:     It protects you from acid and corrosion.
   Will:      It greatly increases your willpower.
 Y - a scarf of repulsion (worn)
Jewellery
 e - a ring of protection from fire (left hand)
 s - a ring of protection from cold
 y - an amulet of the acrobat
 A - a ring of positive energy
 B - an amulet of regeneration
 C - a ring of resist corrosion
 H - a ring of willpower
 K - a ring of protection from cold
 L - a +6 ring of strength (right hand)
 X - a ring of ice
Wands
 d - a wand of acid (3)
 k - a wand of digging (1)
 v - a wand of paralysis (1)
 G - a wand of mindburst (7)
Scrolls
 f - 7 scrolls of teleportation
 m - 3 scrolls of amnesia
 r - 3 scrolls of fear
 u - 2 scrolls of summoning
 w - 4 scrolls of enchant weapon
 z - 2 scrolls of identify
 D - 4 scrolls of immolation
 E - a scroll of holy word {unknown}
 N - 2 scrolls of blinking
 P - 3 scrolls of enchant armour {unknown}
 S - 2 scrolls of fog {unknown}
 V - 3 scrolls of noise {unknown}
Potions
 g - 3 potions of flight
 h - 4 potions of resistance
 i - 4 potions of attraction {unknown}
 j - 4 potions of haste
 l - 7 potions of curing
 o - 2 potions of berserk rage {unknown}
 p - 5 potions of might
 q - 2 potions of mutation {unknown}
 M - 2 potions of brilliance {unknown}
Miscellaneous
 x - a lightning rod (4/4)


   Skills:
 + Level 14.5 Fighting
 + Level 3.6(11.0) Short Blades
 + Level 17.3(17.5) Long Blades
 + Level 15.6 Armour
 + Level 5.1 Dodging
 + Level 2.2 Stealth
 + Level 16.4 Shields
 + Level 1.8 Invocations
 + Level 0.2 Evocations


You had 14 spell levels left.
You didn't know any spells.
Your spell library contained the following spells:

 Spells                   Type           Power      Damage    Failure   Level
 Pain                     Necr           0%         1d4       92%         1
 Shock                    Conj/Air       0%         1d3       92%         1
 Ensorcelled Hibernation  Hex/Ice        0%         N/A       98%         2
 Spider Form              Tmut/Pois      0%         N/A       100%        3
 Stone Arrow              Conj/Erth      0%         3d7       100%        3
 Swiftness                Air            0%         N/A       100%        3
 Teleport Other           Tloc           0%         N/A       100%        3
 Vampiric Draining        Necr           0%         2d6       100%        3
 Airstrike                Air            0%         N/A       100%        4
 Fulminant Prism          Conj/Hex       0%         3d6       100%        4
 Iskenderun's Mystic Bla  Conj/Tloc      0%         2d3       100%        4
 Agony                    Necr           0%         N/A       100%        5
 Borgnjor's Vile Clutch   Necr/Erth      0%         N/A       100%        5
 Excruciating Wounds      Necr           0%         N/A       100%        5
 Lee's Rapid Deconstruct  Erth           0%         3d5*      100%        5
 Enfeeble                 Hex            0%         N/A       100%        7
 Animate Skeleton         Necr           Unusable   N/A       N/A         1
 Tukima's Dance           Hex            Unusable   N/A       N/A         3
 Animate Dead             Necr           Unusable   N/A       N/A         4
 Death Channel            Necr           Unusable   N/A       N/A         6

Dungeon Overview and Level Annotations

Branches:
Dungeon (13/15)            Temple (1/1) D:6            Lair (6/6) D:10
  Snake (0/4) Lair:2       Spider (0/4) Lair:3        Slime (0/5) Lair:5
    Orc (2/2) D:10            Elf (0/3) Orc:2       Ossuary (visited)
  IceCv (visited)
 Vaults: D:13-14

Altars:
Ashenzari
Cheibriados
Dithmenos
Elyvilon
Fedhas
Gozag
Hepliaklqana
Kikubaaqudgha
Makhleb
Nemelex Xobeh
Okawaru
Qazlal
Ru
Sif Muna
Trog
Uskayaw
Vehumet
Wu Jian
Xom
Yredelemnul
Zin
The Shining One
Jiyva

Shops:
D:4 [   D:9 (   D:12 *   Orc:2 **![[

Annotations:
D:7 3 runed translucent doors, Dwachs's ghost, novice FoFi; fritzmikael's ghost, novice OpFi; highc0's ghost, novice HuWr; masacerus's ghost, novice MiBe
D:11 Casa
D:12 2 transporters, erthbison's ghost, journeyman GrFi
D:13 Azrael
Lair:5 2 transporters, Vuiwum's ghost, journeyman TeSu


Innate Abilities, Weirdness & Mutations

You have a pair of horns on your head.
You reflexively headbutt those who attack you in melee.


Message History

Unknown command.
You barely miss the fire elemental. You headbutt the fire elemental.
The fire elemental is moderately damaged.
Unknown command.
You closely miss the fire elemental.
The fire elemental is moderately damaged.
You block the fire elemental's attack.
You slash the fire elemental! You headbutt the fire elemental!
You destroy the fire elemental!
Okawaru accepts your kill. Azrael gestures at you.
The sphere of damnation explodes!
The damnation engulfs you!!
* * * LOW HITPOINT WARNING * * *
Azrael hits you with a +4 scimitar of flaming!
* * * LOW HITPOINT WARNING * * *
Azrael burns you.
* * * LOW HITPOINT WARNING * * *
Unknown command.
You hit Azrael. You headbutt Azrael!
Azrael is lightly wounded.
Azrael hits you but does no damage.
Unknown command.
You slash Azrael! Lightning courses through Azrael!
Azrael is heavily wounded.
You block Azrael's attack.
You hit Azrael but do no damage.
Azrael is heavily wounded.
Unknown command.
You hit Azrael but do no damage. Lightning courses through Azrael!
Your headbutt misses Azrael.
Azrael is severely wounded.
Azrael gestures at you.
The sphere of damnation explodes!
The damnation engulfs you!!
* * * LOW HITPOINT WARNING * * *
The damnation engulfs Azrael.
Azrael completely resists.
You slash Azrael! Your headbutt misses Azrael.
Azrael is almost dead.
Azrael gestures at you.
The fireball explodes!
The fireball engulfs you. You resist.
You die...

+.......#
#.......#
#.......#
#.......#
#.......#
#.......#
##'######
#$# #@#
#.R...#
#.....#
......#
##.....#
#.....#
#!....#
#.....#


You could see Azrael.

Vanquished Creatures
  A reaper (IceCv)
  The ghost of generaletaddeo the Frost Mage, a journeyman DgAE (Lair:4)
  An ice dragon (Lair:6)
  A catoblepas (Lair:6)
  8 hydras
  5 two-headed ogres
  9 death yaks
  3 orc high priests (Orc:2)
  A deep elf pyromancer (D:12)
  2 lindwurms (Lair:6)
  3 orc sorcerers (Orc:2)
  4 orc knights
  A wolf spider (Lair:6)
  6 elephants (Lair:6)
  7 torpor snails
  A cyclops (D:12)
  16 cane toads
  A gargoyle (D:9)
  2 ice statues (IceCv)
  An unseen horror (D:12)
  3 black mambas
  An anaconda simulacrum (IceCv)
  A kobold demonologist (D:10)
  4 rime drakes
  A freezing wraith (IceCv)
  14 komodo dragons
  7 ice devils
  2 entropy weaver simulacra (IceCv)
  A polar bear (Lair:4)
  A burning bush (Lair:3)
  6 trolls
  4 tyrant leeches (Lair:6)
  10 blink frogs
  Prince Ribbit (D:5)
  7 hornets (Lair:6)
  Grinder (D:3)
  6 dream sheep (Lair:6)
  2 slime creatures (D:12)
  A jumping spider (Lair:3)
  A vampire (D:12)
  A shadow (D:7)
  71 yaks
  3 fire elementals (D:13)
  3 wraiths
  A wyvern (Lair:1)
  Eustachio (D:5)
  3 basilisks
  5 dire elephant simulacra (IceCv)
  2 steam dragons
  4 vampire mosquitoes (D:12)
  A warg (Orc:2)
  An acid dragon (D:12)
  2 harpy simulacra (IceCv)
  20 water moccasins
  5 hell hounds (D:13)
  20 orc warriors
  3 ice beasts
  7 black bears
  7 ogres
  6 necrophages
  5 wolves
  3 phantoms
  4 centaurs
  A gnoll sergeant (D:8)
  5 kobold brigands
  17 bullfrogs
  7 scorpions
  3 elf skeletons (D:4)
  A cane toad simulacrum (IceCv)
  A two-headed ogre simulacrum (IceCv)
  An elephant simulacrum (IceCv)
  A water moccasin skeleton (D:4)
  8 killer bees
  9 wights (D:8)
  2 electric eels (Lair:2)
  2 howler monkeys
  5 centaur zombies
  14 orc priests
  3 hounds
  A human zombie (D:4)
  4 jellies
  Crazy Yiuf (D:4)
  2 bullfrog skeletons
  A gnoll shaman (D:10)
  5 iguanas
  15 orc wizards
  Ijyb (D:4)
  7 hell rats (Lair:5)
  A troll simulacrum (IceCv)
  A wolf simulacrum (IceCv)
  A howler monkey zombie (D:5)
  8 mummies (Ossuary)
  9 adders
  12 gnolls
  A naga simulacrum (IceCv)
  A shadow imp (D:6)
  A white imp (D:6)
  An ufetubus (D:5)
  2 adder skeletons (D:4)
  2 worms
  2 dart slugs
  57 orcs
  4 ball pythons
  12 endoplasms
  2 giant cockroaches (D:1)
  3 goblins
  4 hobgoblins
  5 jackals (D:1)
  16 kobolds
  2 quokkas (D:4)
  13 bats
  2 frilled lizards
  2 gnoll zombies (Ossuary)
  4 hobgoblin zombies (Ossuary)
  A kobold zombie (Ossuary)
  An orc skeleton (D:4)
  2 orc zombies
  3 rats
618 creatures vanquished.

Vanquished Creatures (others)
  6 bushes
  74 fungi
  79 plants
159 creatures vanquished.

Grand Total: 777 creatures vanquished

Notes
Turn   | Place    | Note
-------+----------+-------------------------------------------
     0 | D:1      | Peloso the Minotaur Fighter began the quest for the Orb.
     0 | D:1      | Reached XP level 1. HP: 19/19 MP: 0/0
   235 | D:1      | Reached XP level 2. HP: 16/27 MP: 1/1
   640 | D:1      | Found a faded altar of an unknown god.
   668 | D:1      | Reached XP level 3. HP: 33/33 MP: 2/2
  1065 | D:2      | Reached skill level 3 in Long Blades
  1113 | D:2      | Found a broken altar of Ashenzari.
  1555 | D:3      | Noticed an ice beast
  1567 | D:3      | Reached XP level 4. HP: 36/40 MP: 3/3
  1568 | D:3      | Killed an ice beast
  1569 | D:3      | Reached skill level 4 in Long Blades
  1569 | D:3      | Reached XP level 5. HP: 42/47 MP: 4/4
  1809 | D:3      | Noticed Grinder
  1825 | D:3      | Killed Grinder
  1826 | D:3      | Reached skill level 5 in Long Blades
  1826 | D:3      | Reached skill level 5 in Armour
  1826 | D:3      | Reached skill level 1 in Dodging
  1826 | D:3      | Reached XP level 6. HP: 26/55 MP: 5/5
  2177 | D:3      | Reached skill level 5 in Shields
  2351 | D:4      | Reached skill level 6 in Long Blades
  2385 | D:4      | Reached skill level 5 in Fighting
  2385 | D:4      | Reached XP level 7. HP: 61/61 MP: 6/6
  2394 | D:4      | Found Dautaus's Antique Armour Emporium.
  2431 | D:4      | Reached skill level 7 in Long Blades
  2573 | D:4      | Found a sand-covered staircase.
  2590 | Ossuary  | Entered an ossuary
  3063 | D:5      | Entered Level 5 of the Dungeon
  3075 | D:5      | Reached skill level 8 in Long Blades
  3075 | D:5      | Reached XP level 8. HP: 55/70 MP: 7/7
  3250 | D:5      | Reached skill level 9 in Long Blades
  3662 | D:5      | Noticed Eustachio
  3676 | D:5      | Killed Eustachio
  3802 | D:5      | Reached skill level 1 in Stealth
  4017 | D:5      | Noticed Prince Ribbit
  4023 | D:5      | Killed Prince Ribbit
  4107 | D:5      | Reached XP level 9. HP: 71/78 MP: 8/8
  4424 | D:6      | Reached skill level 10 in Long Blades
  4488 | D:6      | Found a staircase to the Ecumenical Temple.
  4510 | Temple   | Entered the Ecumenical Temple
  4994 | D:6      | Found a sparkling altar of Nemelex Xobeh.
  5377 | D:7      | Noticed a troll
  5567 | D:6      | Killed a troll
  5568 | D:6      | Reached skill level 11 in Long Blades
  6052 | D:7      | Reached XP level 10. HP: 82/86 MP: 9/9
  6117 | D:7      | Found a white marble altar of Elyvilon.
  6159 | D:7      | Found a runed translucent gate.
  6159 | D:7      | Found a runed translucent gate.
  6159 | D:7      | Found a runed translucent gate.
  6160 | D:7      | Noticed highc0's ghost (novice HuWr)
  6160 | D:7      | Noticed fritzmikael's ghost (novice OpFi)
  6161 | D:7      | Noticed masacerus's ghost (novice MiBe)
  6161 | D:7      | Noticed Dwachs's ghost (novice FoFi)
  6305 | D:7      | Found an iron altar of Okawaru.
  6314 | D:7      | Became a worshipper of Warmaster Okawaru
  6490 | D:4      | Bought a transparent plate armour for 588 gold pieces
  6490 | D:4      | Identified the +6 plate armour of Conscience {rElec rC-
                  | Will+} (You bought it in a shop on level 4 of the Dungeon)
  6538 | D:4      | Found a runed translucent door.
  6539 | D:4      | Noticed Crazy Yiuf
  6544 | D:4      | Killed Crazy Yiuf
  6772 | D:4      | Noticed Ijyb
  6781 | D:4      | Killed Ijyb
  7258 | D:8      | Reached skill level 12 in Long Blades
  7524 | D:8      | Reached * piety under Okawaru
  8058 | D:9      | Noticed a gargoyle
  8104 | D:8      | Reached ** piety under Okawaru
  8374 | D:9      | Killed a gargoyle
  8375 | D:9      | Reached skill level 13 in Long Blades
  8681 | D:9      | Found a glowing golden altar of the Shining One.
  9035 | D:9      | Found Xoaluzi's Antique Weapon Shoppe.
  9114 | D:10     | Entered Level 10 of the Dungeon
  9149 | D:10     | Reached skill level 10 in Armour
  9322 | D:10     | Reached XP level 11. HP: 91/95 MP: 10/10
  9417 | D:10     | Reached *** piety under Okawaru
  9571 | D:10     | Found a staircase to the Orcish Mines.
  9810 | D:10     | Found a staircase to the Lair.
 10106 | D:10     | Noticed a two-headed ogre
 10122 | D:10     | Killed a two-headed ogre
 10151 | D:10     | Reached skill level 10 in Shields
 10604 | D:11     | Reached **** piety under Okawaru
 10712 | D:11     | Noticed a two-headed ogre
 10721 | D:11     | Reached skill level 14 in Long Blades
 10726 | D:11     | Killed a two-headed ogre
 10813 | D:11     | Noticed a two-headed ogre
 10826 | D:11     | Killed a two-headed ogre
 10826 | D:11     | Reached ***** piety under Okawaru
 10976 | D:11     | Identified the ring of Xyulos {Contam rPois rF++ rCorr
                  | Slay+3}
 11330 | D:11     | Noticed a two-headed ogre
 11343 | D:11     | Killed a two-headed ogre
 11398 | D:11     | Noticed a five-headed hydra
 11433 | Lair:1   | Entered Level 1 of the Lair of Beasts
 11617 | Lair:1   | Noticed an eight-headed hydra
 11689 | Orc:1    | Entered Level 1 of the Orcish Mines
 11878 | Orc:2    | Entered Level 2 of the Orcish Mines
 11906 | Orc:2    | Found Fasiegur's Antique Armour Boutique.
 11914 | Orc:2    | Bought a pair of heavily runed gloves for 218 gold pieces
 11914 | Orc:2    | Identified the +2 pair of gloves "Hewat" {rPois Will++
                  | rCorr Str+3} (You bought it in a shop on level 2 of the
                  | Orcish Mines)
 12366 | Orc:2    | Found a staircase to the Elven Halls.
 12417 | Orc:2    | Identified the +2 ring mail of Okawaru's Outrage {Dex+5}
                  | (Okawaru gifted it to you on level 2 of the Orcish Mines)
 12417 | Orc:2    | Received a gift from Okawaru
 12498 | Orc:2    | Noticed an orc knight
 12501 | Orc:2    | Reached XP level 12. HP: 92/106 MP: 11/11
 12967 | Orc:2    | Noticed an orc high priest
 12982 | Orc:2    | Killed an orc high priest
 12995 | Orc:2    | Noticed an orc high priest
 13051 | Orc:2    | Killed an orc high priest
 13052 | Orc:2    | Reached skill level 10 in Fighting
 13070 | Orc:1    | Reached skill level 15 in Long Blades
 13070 | Orc:1    | Reached skill level 1 in Invocations
 13526 | Orc:2    | Noticed an orc high priest
 13590 | Orc:2    | Killed an orc high priest
 13861 | Orc:2    | Found Otuesh's Antique Armour Shoppe.
 13861 | Orc:2    | Found Walele's Distillery.
 13897 | Orc:2    | Found Kenitz's Assorted Antiques.
 13897 | Orc:2    | Found Licwaoga's General Store.
 13997 | Orc:2    | Bought a potion of might for 68 gold pieces
 14612 | D:11     | Noticed a two-headed ogre
 14623 | D:11     | Killed a two-headed ogre
 14748 | D:11     | Got Teracoa's Witchcraft Continued
 14803 | D:11     | Killed a five-headed hydra
 15032 | D:12     | Noticed erthbison's ghost (journeyman GrFi)
 15055 | D:12     | Found a transporter.
 15059 | D:12     | Found a transporter.
 15198 | D:12     | Reached skill level 1 in Short Blades
 15282 | D:12     | Found Ufriul's General Store.
 15362 | D:12     | Identified the +6 broad axe of the Silent Majority {vorpal,
                  | Dex+4} (Okawaru gifted it to you on level 12 of the
                  | Dungeon)
 15362 | D:12     | Received a gift from Okawaru
 15804 | D:12     | Identified the +11 hand axe of Calamity {protect, rC+ rCorr
                  | Stlth-}
 16468 | Lair:1   | Killed an eight-headed hydra
 16469 | Lair:1   | Reached XP level 13. HP: 102/116 MP: 13/13
 17872 | Lair:2   | Found a staircase to the Snake Pit.
 17897 | Lair:2   | Received a gift from Okawaru
 19334 | Lair:3   | Found a hole to the Spider Nest.
 19483 | Lair:3   | Reached skill level 16 in Long Blades
 20682 | Lair:4   | Found a frozen archway.
 20788 | IceCv    | Entered an ice cave
 20892 | IceCv    | Reached ****** piety under Okawaru
 21439 | IceCv    | Received a gift from Okawaru
 22157 | IceCv    | Noticed a reaper
 22185 | IceCv    | Killed a reaper
 22187 | IceCv    | Identified the +1 ice dragon scales of Indomitability {rF-
                  | rC++ SInv}
 23084 | Lair:4   | Reached XP level 14. HP: 115/127 MP: 14/14
 23348 | Lair:4   | You fall into a shaft and drop 2 floors!
 23348 | Lair:6   | Entered Level 6 of the Lair of Beasts
 23662 | Lair:6   | Received a gift from Okawaru
 23737 | Lair:6   | Found a runed translucent door.
 23828 | Lair:6   | Reached skill level 15 in Shields
 24582 | Lair:6   | Reached skill level 15 in Armour
 25280 | Lair:6   | Identified the +2 quick blade "Hellblazer" {flame, rF+
                  | Str-5 Int+5} (Okawaru gifted it to you on level 6 of the
                  | Lair of Beasts)
 25280 | Lair:6   | Received a gift from Okawaru
 25331 | Lair:6   | Reached skill level 17 in Long Blades
 26195 | Lair:5   | Found a viscous altar of Jiyva.
 26195 | Lair:5   | Found a staircase to the Slime Pits.
 26252 | Lair:5   | Found a sparkling altar of Nemelex Xobeh.
 26308 | Lair:5   | Reached skill level 5 in Dodging
 26333 | Lair:5   | Received a gift from Okawaru
 26882 | Lair:5   | Found a transporter.
 26884 | Lair:5   | Noticed Vuiwum's ghost (journeyman TeSu)
 26979 | Lair:5   | Found a transporter.
 27605 | Lair:4   | Reached XP level 15. HP: 100/139 MP: 15/15
 27919 | Lair:4   | Found a large runed translucent door.
 27920 | Lair:4   | Found a large runed translucent door.
 27925 | Lair:4   | Noticed generaletaddeo's ghost (journeyman DgAE)
 27945 | Lair:4   | Killed generaletaddeo's ghost
 28462 | D:13     | Noticed Azrael
 28501 | D:13     | HP: 4/139 [Azrael/damnation (29)]
 28502 | D:13     | Killed from afar by Azrael

Illustrated notes

Levels and vault maps discovered:
D:1:      lightli_arrival_boilingwater, layout_basic,
          hellmonk_ecumenical_altar_dog_temple
D:2:      layout_basic, basic_altar, minmay_misc_feat_rows
D:3:      layout_rooms, minivault_5, chequers_serial_rivers_large_a,
          minmay_misc_feat_x, eino_tiny_chamber, grunt_ministairs_14,
          minmay_cut_off, uniq_grinder
D:4:      minmay_razor_zed, layout_rooms, serial_shops,
          nicolae_shop_advertising_works [nicolae_subvault_shop_adworks],
          nicolae_ossuary_entry_catacombs, kennysheep_generic_room_14,
          uniq_ijyb, uniq_crazy_yiuf_cottage
D:5:      layout_loops_ring, hex_tiny, grunt_ministairs_15,
          amcnicky_mini_rare_corridor_liquid, uniq_eustachio,
          uniq_prince_ribbit1
D:6:      layout_gridville, nemelex_spade_bored_becter,
          minmay_temple_entry_statues_fountains,
          nicolae_concentric_dashed_squares_wild, minmay_bent
D:7:      layout_rooms, okawaru_metal_pillars_1_2, elyvilon_altar_5,
          gammafunk_ghost_cemetery, chequers_serial_rivers_micro_b
D:8:      layout_loops_ring
D:9:      layout_cross, nicolae_tso_swordbearing_angel, serial_shops, shop
D:10:     layout_gridville, due_lair_maze_entry_diamond, david_orc_3,
          serial_bayou_pond_d
D:11:     layout_irregular_city, kennysheep_generic_room_13
D:12:     layout_loops_corners, serial_shops, nicolae_shop_waterfront,
          gammafunk_ghost_hive
D:13:     layout_roguey, grunt_vaults_entry_tiered, cheibrodos_ashenzari_chains,
          uniq_jorgrun, uniq_azrael
Temple:   mainiacjoe_temple_coin_purse
Lair:1:   layout_misc_corridors
Lair:2:   layout_cave_pods, minmay_snake_entry_six_corridors,
          serial_bayou_shore_a
Lair:3:   layout_long_grid, spider_nest_entry_a, evilmike_ambush
          [evilmike_ambush_outer_basic, evilmike_ambush_inner_cross],
          serial_bayou_shore_b
Lair:4:   layout_loops_ring, ebering_ghost_disaster_area,
          portal_ice_cave_demonic_guard
Lair:5:   layout_gridlike, slime_altar_1, basic_altar,
          gammafunk_ghost_berserking_beasts
Lair:6:   wormcave, layout_regular_city, hangedman_lair_in_review,
          enter_volcano_2
Orc:1:    layout_caves
Orc:2:    grunt_orc_tribal_feast, layout_diamond_mine, serial_shops,
          nicolae_shop_window_shopping, nicolae_orc_rockfall, roderic_batcave

Skill      XL: |  1  2  3  4  5  6  7  8  9 10 11 12 13 14 |
---------------+-------------------------------------------+-----
Armour         | 4 5 7 8 10 11 13 14 15 | 15.6
Fighting       | 4 5 6 7 8 9 11 12 14 | 14.5
Shields        | 4 5 6 7 9 11 13 14 16 | 16.4
Long Blades    | 3 4 5 6 8 9 11 13 14 15 16 17 | 17.3
Dodging        | 1 2 3 4 5 |  5.1
Stealth        | 1 2 |  2.2
Invocations    | 1 |  1.8
Short Blades   | 1 2 3 |  3.6
Evocations     | |  0.2

Action                   |  1- 3 |  4- 6 |  7- 9 | 10-12 | 13-15 || total
-------------------------+-------+-------+-------+-------+-------++-------
Melee: Long sword        |    58 |    38 |   357 |   578 |   402 ||  1433
       Headbutt          |     9 |     9 |    81 |   268 |   358 ||   725
       Falchion          |       |       |       |   442 |   685 ||  1127
       Dagger            |       |       |       |    17 |    50 ||    67
Invok: Heroism           |       |       |       |    10 |     9 ||    19
Evoke: Wand              |       |       |       |       |     3 ||     3
  Use: Scroll            |     1 |     2 |     4 |     6 |     9 ||    22
       Potion            |     1 |       |       |       |     7 ||     8
Armor: Scale mail        |    24 |    12 |    51 |       |       ||    87
       Plate armour      |       |       |    92 |   529 |   477 ||  1098
       Ice dragon scales |       |       |       |       |     2 ||     2
Dodge: Dodged            |    30 |    19 |   124 |   262 |   265 ||   700
       Repelled          |       |       |       |       |     6 ||     6
Block: Buckler           |    12 |     8 |    77 |    39 |       ||   136
       Kite shield       |       |       |       |   439 |   541 ||   980

Table legend: (Time is in decaauts)
 A = Elapsed time spent in this place.
 B = Non-inter-level travel time spent in this place.
 C = Inter-level travel time spent in this place.
 D = Time resting spent in this place.
 E = Time spent auto-exploring this place.
 F = Levels seen in this place.
 G = Mean time per level.
                   A        B        C        D        E       F      G
               +--------+--------+--------+--------+--------+-----+--------+
         Total |  27957 |  26147 |   1810 |   3476 |  16013 |  24 | 1164.9 |
       Dungeon |  13784 |  12690 |   1094 |    578 |   9015 |  13 | 1060.3 |
        Temple |    140 |    140 |      0 |      0 |     98 |   1 |  140.0 |
          Lair |   8998 |   8337 |    661 |    661 |   5448 |   6 | 1499.7 |
  Orcish Mines |   2656 |   2601 |     55 |    875 |    972 |   2 | 1328.0 |
       Ossuary |    445 |    445 |      0 |     24 |    235 |   1 |  445.0 |
      Ice Cave |   1931 |   1931 |      0 |   1338 |    244 |   1 | 1931.0 |
               +--------+--------+--------+--------+--------+-----+--------+

Top non-repeatable levels by time:
  Lair:6: 2672 daAuts
   IceCv: 1931 daAuts
   Orc:2: 1876 daAuts
    D:10: 1848 daAuts
    D:11: 1591 daAuts
  Lair:2: 1411 daAuts
  Lair:4: 1389 daAuts
  Lair:3: 1387 daAuts
     D:6: 1377 daAuts
     D:5: 1334 daAuts
    D:12: 1256 daAuts
     D:8: 1104 daAuts
  Lair:1: 1073 daAuts
  Lair:5: 1064 daAuts
     D:4: 1063 daAuts
